 Dungeon Crawl Stone Soup version 0.29.0-13-gc9e81de378 (webtiles) character file.

Game seed: 11266981896023278133

6731 Lochraine the Fighter (level 11, -11/97 HPs)
             Began as a Ghoul Gladiator on Sept 8, 2022.
             Was an Initiate of Gozag.
             Mangled by a troll (13 damage)
             ... on level 8 of the Dungeon.
             The game lasted 00:26:37 (8689 turns).

Lochraine the Fighter (Ghoul Gladiator)             Turns: 8689, Time: 00:26:37

Health: -11/97     AC: 17    Str: 21    XL:     11   Next: 4%
Magic:  10/10      EV: 12    Int:  5    God:    Gozag
Gold:   784        SH:  0    Dex: 10    Spells: 10/10 levels left

rFire   . . .      SeeInvis .   L - +5 halberd (chaos)
rCold   + . .      Faith    .   (shield currently unavailable)
rNeg    + + +      Spirit   .   T - +0 chain mail {Will+}
rPois   ∞          Reflect  .   c - +0 helmet
rElec   .          Harm     .   b - +0 cloak
rCorr   .          Rampage  .   (no gloves)
Will    +....                   (no boots)
Stlth   ..........              (no amulet)
HPRegen 0.00/turn               z - +4 ring of evasion
MPRegen 0.12/turn               A - +4 ring of protection

@: inhibited regen
A: claws 1, cold resistance 1, negative energy resistance 3, inhibited
regeneration, torment resistance 2, devour on kill
a: Renounce Religion, Potion Petition, Call Merchant, Bribe Branch


You were on level 8 of the Dungeon.
You worshipped Gozag.
Gozag was pleased with you.
You visited 1 branch of the dungeon, and saw 9 of its levels.
You also visited: Bailey.

You collected 1697 gold pieces.
You spent 837 gold pieces at shops.
You paid 76 gold pieces to Gozag.

Inventory:

Hand Weapons
 a - a +0 trident
 k - a +4 scimitar of flaming
   (You took it off Erica on level 8 of the Dungeon)
 w - a +2 whip of venom
   (You took it off an orc on level 3 of the Dungeon)
 H - a +0 scythe
   (You took it off Sigmund on level 4 of the Dungeon)
 L - a +5 halberd of chaos (weapon)
   (You took it off a wight on level 8 of the Dungeon)
 Z - a +2 war axe of venom
   (You found it on level 6 of the Dungeon)
Missiles
 d - a throwing net {!f}
 W - 4 javelins (quivered)
Armour
 b - a +0 cloak (worn)
   (You found it on level 6 of the Dungeon)
 c - a +0 helmet (worn)
 e - a +0 leather armour
   (You took it off an orc priest on level 8 of the Dungeon)
 O - a +3 leather armour
   (You took it off an orc priest on level 8 of the Dungeon)
 T - a +0 chain mail of willpower (worn)
   (You found it on level 8 of the Dungeon)
 Y - an orb of light
   (You found it on level 6 of the Dungeon)
Jewellery
 j - a +6 ring of dexterity
   (You found it on level 1 of the Dungeon)
 z - a +4 ring of evasion (left claw)
   (You bought it in a shop on level 1 of the Dungeon)
 A - a +4 ring of protection (right claw)
   (You bought it in a shop on level 1 of the Dungeon)
 U - a ring of resist corrosion
   (You found it on level 6 of the Dungeon)
Wands
 s - a wand of roots (12)
   (You took it off Ijyb on level 4 of the Dungeon)
 t - a wand of flame (10)
   (You found it on level 7 of the Dungeon)
 u - a wand of paralysis (4)
   (You found it on level 7 of the Dungeon)
 J - a wand of polymorph (2)
   (You took it off Dowan on level 7 of the Dungeon)
Scrolls
 f - 3 scrolls of teleportation {@r4}
 g - a scroll of silence {unknown}
 i - 3 scrolls of fear
 l - a scroll of amnesia
 m - 4 scrolls of immolation {!r}
 p - a scroll of poison {unknown}
 q - a scroll of magic mapping
 C - a scroll of identify {@r1}
 E - 3 scrolls of vulnerability {!r}
 R - a scroll of enchant weapon {unknown}
Potions
 h - 8 potions of curing {@q1}
 n - a potion of berserk rage {unknown}
 r - a potion of cancellation {unknown}
 v - a potion of heal wounds {unknown}
 B - a potion of flight {unknown}
 D - a potion of attraction {unknown}
 I - a potion of brilliance {unknown}
 N - a potion of resistance {unknown}


   Skills:
 + Level 9.5 Fighting
 - Level 3.2(6.6) Axes
 - Level 4.2(4.7) Maces & Flails
 + Level 7.9(8.2) Polearms
 - Level 1.7 Throwing
 + Level 7.6 Armour
 - Level 2.6 Dodging
 + Level 4.7 Evocations


You had 10 spell levels left.
You didn't know any spells.
Your spell library contained the following spells:

 Spells                   Type           Power      Damage    Failure   Level
 Magic Dart               Conj           0%         1d3       99%         1
 Sandblast                Erth           0%         2d4       99%         1
 Call Imp                 Summ           0%         N/A       99%         2
 Passwall                 Tmut/Erth      0%         N/A       99%         2
 Mephitic Cloud           Conj/Pois/Air  0%         N/A       100%        3
 Stone Arrow              Conj/Erth      0%         3d7       100%        3


Dungeon Overview and Level Annotations

Branches:
Dungeon (9/15) Zot: 26957  Temple (0/1) D:5          Bailey (visited)
   Lair: D:8-11         Orc: D:9-12

Altars:
Fedhas
Gozag
Hepliaklqana
Okawaru
Qazlal
Ru
Sif Muna

Shops:
D:1 =   D:8 *


Innate Abilities, Weirdness & Mutations

You are immune to poison.
You have sharp fingernails.
Your flesh is cold resistant. (rC+)
You are immune to negative energy. (rN+++)
You do not regenerate when monsters are visible.
You are immune to unholy pain and torment.
You thrive by killing the living.


Message History

You now have 784 gold pieces (gained 20).
A troll comes into view.
The troll shouts!
You reach to attack!
You closely miss the troll. You barely miss the troll.
The troll barely misses you. The troll claws you but does no damage.
The troll closely misses you.
You barely miss the troll. The troll closely misses you.
The troll claws you. x2
You barely miss the troll. The troll bites you!
The troll claws you but does no damage. x2
You hit the troll.
The troll flickers and vanishes!
Deactivating autopickup; reactivate with Ctrl-A.
Something bites you! Something claws you. Something claws you!
No target in view!
You miss something. Something bites you.
Something claws you but does no damage. Something claws you!
Unknown command.
You closely miss something. Something bites you.
* * * LOW HITPOINT WARNING * * *
Something claws you but does no damage. Something claws you!
* * * LOW HITPOINT WARNING * * *
Something bites you but does no damage. Something claws you but does no damage.
Something claws you!
* * * LOW HITPOINT WARNING * * *
Unknown command.
The roots erupt in riotous growth!
You hear a bellow!
Something bites you but does no damage.
Something claws you but does no damage. x2
Something bites you but does no damage.
Something claws you but does no damage. x2
Something barely misses you. Something claws you but does no damage.
Something claws you!
* * * LOW HITPOINT WARNING * * *
Okay, then.
Okay, then.
Okay, then.
Okay, then.
Unknown command.
Throw: 2 throwing nets {!f} You throw a throwing net {!f}.
Something bites you but does no damage.
Something claws you but does no damage. x2
There is a stone staircase leading up here.
Something bites you!
* * * LOW HITPOINT WARNING * * *
Something claws you but does no damage. Something claws you.
* * * LOW HITPOINT WARNING * * *
You climb upwards.
Reactivating autopickup.
There is a stone staircase leading down here.
Something bites you!
You die...
Your body crumbles into a pile of gold.

.....# #.......#
.....# #.......#
.....# #.......#
.....# #.......#
####.# #.......#
#.# #.......#
####.#####.......#
...[............>#
################@#
#.# #.# #### #.#
##... #.# #....
#.# #.... #.#
###..8. #.#
#...... #.#
#.#....


There were no monsters in sight!

Vanquished Creatures
  Erica (D:8)
  An orc knight (Bailey)
  Pikel (D:5)
  Maggie (D:7)
  Grinder (D:5)
  Sigmund (D:4)
  2 shadows
  6 yaks (D:8)
  A steam dragon (D:8)
  Menkaure (D:6)
  A water moccasin (D:5)
  Duvessa (D:7)
  2 hornet zombies (D:8)
  2 orc warriors
  3 ice beasts
  A black bear (D:6)
  2 ogres (D:5)
  A phantom (D:4)
  A centaur (D:5)
  4 kobold brigands (Bailey)
  7 bullfrogs
  A necrophage (D:4)
  2 scorpions
  2 wights (D:8)
  Dowan (D:7)
  4 centaur zombies (D:8)
  A hound (D:5)
  6 orc priests
  Ijyb (D:4)
  3 iguanas
  8 orc wizards
  A killer bee zombie (D:8)
  A howler monkey zombie (D:8)
  7 adders
  A shadow imp (D:4)
  2 white imps
  5 ufetubi (D:4)
  2 worms
  3 dart slugs
  29 orcs
  8 ball pythons
  3 bats
  8 endoplasms
  3 giant cockroaches
  9 goblins
  7 hobgoblins
  5 jackals
  20 kobolds
  3 quokkas
  6 frilled lizards
  7 rats
200 creatures vanquished.

Notes
Turn   | Place    | Note
-------+----------+-------------------------------------------
     0 | D:1      | Lochraine the Ghoul Gladiator began the quest for the Orb.
     0 | D:1      | Reached XP level 1. HP: 17/17 MP: 0/0
    26 | D:1      | Reached XP level 2. HP: 24/24 MP: 1/1
   246 | D:1      | Reached XP level 3. HP: 27/29 MP: 2/2
   263 | D:1      | Found a faded altar of an unknown god.
   605 | D:1      | Found Piuseus's Jewellery Shoppe.
  1158 | D:2      | Reached XP level 4. HP: 28/36 MP: 3/3
  2122 | D:4      | Reached skill level 1 in Maces & Flails
  2180 | D:4      | Reached XP level 5. HP: 35/41 MP: 4/4
  2405 | D:4      | Noticed Sigmund
  2415 | D:4      | Killed Sigmund
  2416 | D:4      | Reached XP level 6. HP: 48/48 MP: 5/5
  2432 | D:4      | Noticed Ijyb
  2444 | D:4      | Killed Ijyb
  2594 | D:4      | Reached skill level 1 in Armour
  2675 | D:4      | Noticed an ice beast
  2723 | D:4      | Reached skill level 3 in Fighting
  2723 | D:4      | Reached XP level 7. HP: 36/57 MP: 6/6
  2925 | D:4      | Found an opulent altar of Gozag.
  2935 | D:4      | Became a worshipper of Gozag Ym Sagoz the Greedy
  3016 | D:4      | Reached skill level 5 in Polearms
  3125 | D:5      | Entered Level 5 of the Dungeon
  3203 | D:5      | Reached skill level 4 in Fighting
  3206 | D:5      | Noticed Pikel
  3220 | D:5      | Killed Pikel
  3221 | D:5      | Reached skill level 5 in Fighting
  3221 | D:5      | Reached XP level 8. HP: 44/68 MP: 7/7
  3718 | D:5      | Noticed Grinder
  3732 | D:5      | Killed Grinder
  3733 | D:5      | Reached skill level 6 in Fighting
  3782 | D:5      | Found a sacrificial altar of Ru.
  3867 | D:5      | Found a staircase to the Ecumenical Temple.
  3952 | D:5      | Found a stormy altar of Qazlal.
  3953 | D:5      | Found a hazy altar of Hepliaklqana.
  4051 | D:5      | Found an iron altar of Okawaru.
  4052 | D:5      | Found a blossoming altar of Fedhas.
  4212 | D:5      | Reached XP level 9. HP: 70/75 MP: 8/8
  4396 | D:6      | Identified the +0 pair of boots of Sif Muna's Wrath {rN+
                  | Dex-4 Stlth+}
  4506 | D:6      | Reached skill level 5 in Armour
  4940 | D:6      | Found a shimmering blue altar of Sif Muna.
  5083 | D:6      | Noticed Menkaure
  5093 | D:6      | Killed Menkaure
  5094 | D:6      | Reached skill level 7 in Fighting
  5541 | D:7      | Noticed Maggie
  5589 | D:7      | Killed Maggie
  5590 | D:7      | Reached skill level 1 in Axes
  5590 | D:7      | Reached skill level 1 in Evocations
  5939 | D:7      | Found a flagged portal.
  5951 | Bailey   | Entered a bailey
  5998 | Bailey   | Reached skill level 8 in Fighting
  6021 | Bailey   | Noticed an orc knight
  6030 | Bailey   | Reached XP level 10. HP: 84/88 MP: 9/9
  6040 | Bailey   | Killed an orc knight
  6272 | Bailey   | Found a burning altar of Makhleb.
  6278 | Bailey   | Identified the +1 ice dragon scales of Ytsox {*Corrode Fly
                  | rF- rC++ Int+4 Stlth+}
  6551 | D:1      | Bought a +4 ring of evasion for 396 gold pieces
  6551 | D:1      | Bought a +4 ring of protection for 396 gold pieces
  6735 | D:7      | Noticed Duvessa
  6881 | D:7      | Noticed Dowan
  7003 | D:7      | Killed Duvessa
  7011 | D:7      | Killed Dowan
  7639 | D:8      | Found Pukhliel's General Store.
  7654 | D:8      | Bought a potion of curing for 45 gold pieces
  8180 | D:8      | Reached skill level 9 in Fighting
  8189 | D:8      | Noticed Erica
  8213 | D:8      | Killed Erica
  8214 | D:8      | Reached XP level 11. HP: 56/97 MP: 10/10
  8686 | D:9      | HP: 2/97 [something (6)]
  8689 | D:8      | Mangled by a troll

Illustrated notes

Levels and vault maps discovered:
D:1:      wander_arrival_peaceful_grave, layout_loops_ring,
          basic_ecumenical_altar, serial_shops, nicolae_diamond_shop
D:2:      layout_rooms
D:3:      layout_rooms, serial_forest, infiniplex_forest_lined_3,
          infiniplex_forest_clump_long, infiniplex_forest_split,
          infiniplex_forest_clump_tiny, infiniplex_forest_fountain
D:4:      layout_gridville, mainiacjoe_overflow_brackets, serial_demonic,
          serial_demonic_a, serial_demonic_c, serial_demonic_e,
          serial_demonic_g, serial_demonic_d, serial_demonic_c,
          minmay_ruined_shrine, uniq_ijyb, uniq_sigmund
D:5:      layout_loops_ring, gammafunk_temple_overflow_statue,
          hangedman_ru_absence, minitemple, minmay_temple_entry_fiery,
          hellmonk_bongcloud_opening, uniq_grinder, uniq_pikel
D:6:      layout_layer_cave, nicolae_overflow_crystal_walls, uniq_menkaure
D:7:      layout_layer_cave, enter_bailey_1, uniq_duvessa, uniq_maggie
D:8:      layout_basic, serial_undead, serial_undead_a, serial_undead_e,
          serial_undead_d, serial_undead_d, serial_shops, shop, uniq_erica
D:9:      layout_basic, grunt_decor_one_mirror

Skill      XL: |  1  2  3  4  5  6  7  8  9 10 |
---------------+-------------------------------+-----
Polearms       | 3 4 5 6 7 |  7.9
Maces & Flails | 1 3 4 |  4.2
Armour         | 1 3 4 6 7 |  7.6
Fighting       | 3 5 6 8 9 |  9.5
Axes           | 2 3 |  3.2
Evocations     | 2 4 |  4.7
Throwing       | |  1.7
Dodging        | |  2.6

Action                   |  1- 3 |  4- 6 |  7- 9 | 10-12 || total
-------------------------+-------+-------+-------+-------++-------
Melee: Trident           |   119 |    38 |       |       ||   157
       Whip              |       |   138 |   151 |       ||   289
       Halberd           |       |       |    26 |   140 ||   166
       Punch             |       |       |     5 |       ||     5
       War axe           |       |       |    55 |    33 ||    88
Throw: Throwing net      |       |     1 |     3 |     1 ||     5
       Javelin           |       |     1 |     5 |       ||     6
Evoke: Wand              |       |     1 |     5 |     6 ||    12
  Use: Scroll            |       |     2 |     6 |     1 ||     9
       Potion            |       |     1 |       |       ||     1
 Stab: Held in net/web   |       |     1 |     3 |       ||     4
       Distracted        |       |       |     1 |       ||     1
       Paralysed         |       |       |       |     5 ||     5
Armor: Leather armour    |    23 |       |       |       ||    23
       Chain mail        |     2 |    86 |   118 |   103 ||   309
Dodge: Dodged            |    50 |    84 |   101 |    91 ||   326
